 Dungeon Crawl Stone Soup version 0.24.0-125-gc4c63601f3 (webtiles) character file.

Game seed: 6495919431325679922, levelgen mode: deterministic

24 LraC the Grave Robber (level 2, -3/19 HPs)
             Began as a Demonspawn Necromancer on Mar 4, 2020.
             Slain by Jessica
             ... wielding a +4 club
              (7 damage)
             ... on level 2 of the Dungeon.
             The game lasted 00:07:13 (599 turns).

LraC the Grave Robber (Demonspawn Necromancer)       Turns: 599, Time: 00:07:13

Health: -3/19      AC:  2    Str:  8    XL:     2   Next: 79%
Magic:  0/5        EV: 12    Int: 16    God:
Gold:   52         SH:  0    Dex: 13    Spells: 3/5 levels left

rFire    . . .     SeeInvis .   b - +0 whip
rCold    . . .     Gourm    .   (no shield)
rNeg     . . .     Faith    .   a - +0 robe
rPois    .         Spirit   .   (no helmet)
rElec    .         Reflect  .   (no cloak)
rCorr    .         Harm     .   (no gloves)
MR       .....                  (no boots)
Stlth    ++........             (no amulet)
HPRegen  0.06/turn              (no ring)
MPRegen  0.09/turn              (no ring)

@: no status effects
A: powered by death 1
a: no special abilities


You were on level 2 of the Dungeon.
You were not hungry.

You visited 1 branch of the dungeon, and saw 2 of its levels.

You collected 52 gold pieces.

Inventory:

Hand Weapons
 b - a +0 whip (weapon)
 d - a +0 club
 i - a +0 dagger
 l - a +0 club
 m - a +0 club
Missiles
 f - 2 boomerangs (quivered)
 g - 21 bolts
 h - 22 stones
Armour
 a - a +0 robe (worn)
 e - a +0 leather armour
 k - a +0 leather armour
Potions
 n - a potion of mutation {unknown}
Comestibles
 c - 3 rations
 j - 5 chunks of flesh


   Skills:
 + Level 1.8 Dodging
 + Level 2.0 Stealth
 + Level 2.3 Spellcasting
 + Level 4.9 Necromancy


You had 3 spell levels left.
You knew the following spells:

 Your Spells              Type           Power        Failure   Level  Hunger
a - Pain                  Necr           ###.         2%          1    #......
b - Animate Skeleton      Necr           N/A          2%          1    #......

Your spell library contained the following spells:

 Spells                   Type           Power        Failure   Level  Hunger
 Vampiric Draining        Necr           ###.......   8%          3    ###....
 Regeneration             Chrm/Necr      #.........   22%         3    ###....
 Animate Dead             Necr           N/A          26%         4    #####..


Dungeon Overview and Level Annotations

Branches:
Dungeon (2/15)

Altars:

Annotations:
D:2 Jessica


Innate Abilities, Weirdness & Mutations

You regenerate a little health from kills.


Message History

Press: ? - help, Shift-Dir - straight line, f/p - Jessica
Aim: Jessica, wielding a +4 club and wearing a +0 robe (chance to defeat MR: 82%) Jessica writhes in agony.
Jessica closely misses you.
Casting: Pain (safe; 2% risk of failure)
Confirm with . or Enter, or press ? or * to list all spells.
Aiming: Pain (safe; 2% risk of failure)
Press: ? - help, Shift-Dir - straight line, f/p - Jessica
Aim: Jessica, wielding a +4 club and wearing a +0 robe (moderately wounded, chance to defeat MR: 82%) Jessica barely resists.
Jessica barely misses you.
Casting: Pain (safe; 2% risk of failure)
Confirm with . or Enter, or press ? or * to list all spells.
You don't have enough magic to cast that spell.
You barely miss Jessica.
Jessica is moderately wounded.
Jessica hits you with a +4 club!
* * * LOW HITPOINT WARNING * * *
You closely miss Jessica.
Jessica is moderately wounded.
Jessica hits you with a +4 club!
You die...

#.# ... #.#
##.## #...#
#...# #@..#
####@####
#.......#
#.##.#...#
#.##........
#.#......###
#.#...#.##
#.#...#.#
#.##.##.#######
#.##.##.......


You could see Jessica.

Vanquished Creatures
  An ooze (D:1)
  A worm (D:2)
  A goblin (D:1)
  2 hobgoblins (D:1)
  3 jackals (D:1)
  2 kobolds (D:1)
  A ball python (D:1)
  A frilled lizard (D:1)
  3 rats (D:1)
15 creatures vanquished.

Vanquished Creatures (collateral kills)
  A hobgoblin (D:1)
1 creature vanquished.

Grand Total: 16 creatures vanquished

Notes
Turn   | Place    | Note
-------+----------+-------------------------------------------
     0 | D:1      | LraC the Demonspawn Necromancer began the quest for the
                  | Orb.
     0 | D:1      | Reached XP level 1. HP: 13/13 MP: 3/3
     2 | D:1      | Learned a level 1 spell: Animate Skeleton
   170 | D:1      | Gained mutation: You regenerate a little health from kills.
                  | [demonic ancestry]
   170 | D:1      | Reached XP level 2. HP: 4/19 MP: 1/5
   594 | D:2      | Noticed Jessica
   599 | D:2      | Slain by Jessica

Levels and vault maps discovered:
D:1:      dpeg_arrival_court, layout_rooms, minmay_misc_feat_room,
          minmay_misc_feat_rows
D:2:      layout_loops_corners, cheibriados_altar_1, first_ration,
          uniq_crazy_yiuf_cottage, uniq_jessica, uniq_robin, uniq_natasha

Skill      XL: |  1  2 |
---------------+-------+-----
Stealth        | 2 |  2.0
Dodging        | |  1.8
Spellcasting   | |  2.3
Necromancy     | |  4.9

Action                   || total
-------------------------++-------
Melee: Whip              ||    12
 Cast: Pain              ||    26
       Animate Skeleton  ||     4
  Use: Potion            ||     4
       Scroll            ||     2
Armor: Robe              ||     1
Dodge: Dodged            ||     9
